AoeStats
← Soshipeak

Pilgrims

510277691Analyzed
3v3 RM · 1d ago on Sep 30, 2026· 43m 49s· 6 players
Game mode
Random Map
Map size
Normal (6 player)
Population
200
Speed
Normal
Resources
Standard
Victory
Conquest
Starting age
Dark Age
Ending age
Imperial Age
RankedLock teamsTeams togetherTeam positionsShared explorationLock speedFull tech treeHidden civsTurbo modeCheats
Victory
Defeat
🇨🇿 Vikings · Czechia
798
+8
🇨🇳 Wu · China
704
+11
🇨🇴 Turks · Colombia
700
+12
🇨🇴 Khmer · Colombia
736
-15
🇮🇳 Huns · India
574
-9
🇮🇩 Aztecs · Indonesia
500
-7
RYOUSHI HAN
12:04 Feudal Age
12:33 Double-Bit Axe
15:20 Man-at-Arms
19:12 Fishing Lines
21:56 Castle Age
20:15 Forging
20:05 Scale Mail Armor
20:31 Arson
22:01 Long Swordsman
22:44 Squires
23:22 Iron Casting
23:03 Chain Mail Armor
26:23 Bow Saw
25:56 Horse Collar
27:54 Heavy Plow
29:07 Wheelbarrow
30:02 Hand Cart
29:37 Town Watch
30:24 Gillnets
30:35 Gold Mining
30:36 Stone Mining
33:26 Imperial Age
31:02 Town Patrol
31:30 Fervor
32:20 Loom
35:36 Blast Furnace
35:06 Plate Mail Armor
35:07 Conscription
34:56 Sitting Tiger
36:05 Two-Handed Swordsman
38:02 Two-Man Saw
40:05 Sitting Tiger
41:37 Medium Warships
42:31 Gold Shaft Mining
43:55 Heavy Warships
43:47 Champion
RaBsarge
6:46 Loom
9:48 Feudal Age
10:21 Double-Bit Axe
13:14 Gold Mining
20:22 Castle Age
18:17 Stone Mining
23:40 Bow Saw
25:00 Medium Warships
26:05 Forging
25:55 Scale Mail Armor
25:46 Fletching
27:01 Town Watch
29:14 Gold Shaft Mining
28:22 Horse Collar
33:52 Imperial Age
35:27 Elite Varangian Guard
38:47 Bodkin Arrow
39:10 Chain Mail Armor
40:34 Pikeman
Soshipeak
15:32 Feudal Age
21:27 Castle Age
19:45 Double-Bit Axe
19:42 Horse Collar
23:05 Bow Saw
30:06 Imperial Age
34:21 Two-Man Saw
33:20 Treadmill Crane
35:41 Elite Janissary
40:23 Wheelbarrow
39:58 Caravan
43:02 Hand Cart
42:38 Town Watch
betalbaadshah
4:29 Loom
13:41 Feudal Age
14:57 Fishing Lines
15:12 Double-Bit Axe
15:17 Horse Collar
16:54 Wheelbarrow
16:10 Town Watch
19:29 Bloodlines
19:08 Arson
19:22 Gold Mining
19:27 Stone Mining
23:42 Castle Age
21:13 Man-at-Arms
23:08 Scale Mail Armor
23:43 Forging
26:21 Long Swordsman
27:57 Squires
31:23 Bow Saw
31:15 Heavy Plow
32:35 Marauders
32:56 Hand Cart
33:52 Town Patrol
36:09 Gold Shaft Mining
36:37 Padded Archer Armor
37:11 Husbandry
37:47 Thumb Ring
41:21 Light Cavalry
BelumWisuda
Jaguar_gaming
15:42 Feudal Age
16:18 Double-Bit Axe
16:38 Gold Mining
19:56 Wheelbarrow
32:48 Castle Age
31:26 Man-at-Arms
Connection lost

Rejoining the realm…

Still unreachable

The connection could not be restored.

Session expired

The server has moved on; the page needs a fresh start.